 Dungeon Crawl Stone Soup version 0.29-a0-409-gd843f3a48c (webtiles) character file.

Game seed: 10620009458029819996

0 Zeld the Caller (level 1, 0/10 HPs)
             Began as a Tengu Summoner on May 14, 2022.
             Slain by a bat (1 damage)
             ... on level 1 of the Dungeon.
             The game lasted 00:00:49 (42 turns).

Zeld the Caller (Tengu Summoner)                      Turns: 42, Time: 00:00:50

Health: 0/10       AC:  2    Str:  8    XL:     1   Next: 10%
Magic:  3/4        EV: 12    Int: 15    God:
Gold:   0          SH:  0    Dex: 14    Spells: 3/4 levels left

rFire   . . .      SeeInvis .   (no weapon)
rCold   . . .      Faith    .   (no shield)
rNeg    . . .      Spirit   .   a - +0 robe
rPois   .          Reflect  .   (helmet restricted)
rElec   .          Harm     .   (no cloak)
rCorr   .          Rampage  .   (no gloves)
Will    .....                   (boots unavailable)
Stlth   ++........              (no amulet)
HPRegen 0.03/turn               (no ring)
MPRegen 0.09/turn               (no ring)

@: no status effects
A: beak, talons 3
a: no special abilities


You were on level 1 of the Dungeon.
You visited 1 branch of the dungeon, and saw 1 of its levels.

Inventory:

Armour
 a - a +0 robe (worn)
Scrolls
 c - a scroll of brand weapon {unknown}
Potions
 b - a potion of magic


   Skills:
 + Level 2.2 Dodging
 + Level 2.0 Stealth
 + Level 2.0 Spellcasting
 + Level 4.8 Summonings


You had 3 spell levels left.
You knew the following spells:

 Your Spells              Type           Power      Damage    Failure   Level
a - Summon Small Mammal   Summ           64%        N/A       3%          1

Your spell library contained the following spells:

 Spells                   Type           Power      Damage    Failure   Level
 Call Imp                 Summ           16%        N/A       4%          2
 Call Canine Familiar     Summ           16%        N/A       9%          3
 Summon Guardian Golem    Hex/Summ       8%         N/A       24%         3
 Summon Lightning Spire   Summ/Air       8%         N/A       63%         4


Dungeon Overview and Level Annotations

Branches:
Dungeon (1/15)

Altars:


Innate Abilities, Weirdness & Mutations

You have a beak for a mouth.
You have claws for feet.


Message History

A kobold and a goblin come into view.
Found a scroll labelled YDOWUA VEOW.
There are monsters nearby!
Okay, then.
A frilled lizard comes into view.
The kobold shouts!
The kobold throws a stone.
The stone closely misses you.
Casting: Summon Small Mammal (safe; 3% risk of failure)
Confirm with . or Enter, or press ? or * to list all spells.
The goblin hits you with a +0 dagger.
A frilled lizard comes into view.
No action selected
Press: ? - help, Q - select action, (/) - cycle Dir - look around, f - activate
Okay, then.
Unknown command.
The frilled lizard attacks as you move away!
The frilled lizard completely misses you.
The goblin attacks as you move away! The goblin hits you with a +0 dagger.
* * * LOW HITPOINT WARNING * * *
A bat comes into view.
The kobold throws a stone.
The stone closely misses you.
Your rat bites the goblin.
The goblin attacks as you move away! The goblin closely misses you.
The frilled lizard attacks as you move away!
The frilled lizard closely misses you. The kobold barely misses your rat.
Your rat closely misses the kobold.
The goblin attacks as you move away! The goblin closely misses you.
The frilled lizard attacks as you move away!
The frilled lizard bites you.
* * * LOW HITPOINT WARNING * * *
The kobold throws a stone.
The stone hits your rat but does no damage.
Your rat bites the kobold but does no damage.
Your rat bites the frilled lizard.
The frilled lizard dies!
The bat misses you. The goblin attacks as you move away!
The goblin barely misses you. The bat hits you but does no damage.
The bat misses you. The bat attacks as you move away!
The bat closely misses you. The bat hits you.
You die...

###.......#.#
......r.#.#.#
....#.#l#.#.#
......K#.#.#.#
.......#.r.#.#
.#......g...#
#.#....#.#..# #
##.##..#.b...# #.
#...#..#.@...#
#..#...#..#..#..#
#.........###...#
....#.<.#......###
.
#...#.....).......
..###....#.########
.... #.....#.#
#.... .......#.#
#..##.....##...#


You could see a goblin (ally target), a bat, a kobold, a frilled lizard and 2
friendly rats.

Vanquished Creatures (collateral kills)
  A frilled lizard (D:1)
1 creature vanquished.

Notes
Turn   | Place    | Note
-------+----------+-------------------------------------------
     0 | D:1      | Zeld the Tengu Summoner began the quest for the Orb.
     0 | D:1      | Reached XP level 1. HP: 10/10 MP: 4/4
    42 | D:1      | Slain by a bat

Illustrated notes

Levels and vault maps discovered:
D:1:      erik_arrival_blinker_ship, layout_loops_ring,
          minmay_misc_feat_enclosed, chequers_serial_rivers_room_a,
          wad_floor_pattern_2, minmay_fountain_box, minmay_surrounded

Action                   || total
-------------------------++-------
 Cast: Summon Small Mamm ||     2
Armor: Robe              ||     1
Dodge: Dodged            ||    10

Table legend: (Time is in decaauts)
 A = Elapsed time spent in this place.
 B = Non-inter-level travel time spent in this place.
 C = Inter-level travel time spent in this place.
 D = Time resting spent in this place.
 E = Time spent auto-exploring this place.
 F = Levels seen in this place.
 G = Mean time per level.
                   A        B        C        D        E       F      G
               +--------+--------+--------+--------+--------+-----+--------+
         Total |     42 |     42 |      0 |      0 |     23 |   1 |   42.0 |
       Dungeon |     42 |     42 |      0 |      0 |     23 |   1 |   42.0 |
               +--------+--------+--------+--------+--------+-----+--------+

Top non-repeatable levels by time:
     D:1: 42 daAuts
